 Dungeon Crawl Stone Soup version 0.17-a0-1945-gfe993df (webtiles) character file.

3520 Kusio the Bludgeoner (level 10, -2/94 HPs)
             Began as an Ogre Berserker on Oct 1, 2015.
             Was a High Priest of Trog.
             Slain by a spriggan baker
             ... wielding a +0 dagger
              (12 damage)
             ... on level 7 of the Dungeon.
             The game lasted 00:23:54 (7080 turns).

Kusio the Bludgeoner (Ogre Berserker)               Turns: 7080, Time: 00:23:54

Health: -2/94      AC:  8    Str: 24    XL:     10   Next: 8%
Magic:  10/10      EV:  9    Int:  6    God:    Trog [*****.]
Gold:   438        SH:  0    Dex: 12    Spells: 0 memorised, 9 levels left

rFire  . . .     SeeInvis .     f - +0 whip (venom)
rCold  . . .     Clarity  .     b - +0 animal skin
rNeg   . . .     SustAt   .     (no shield)
rPois  .         Gourm    .     (helmet restricted)
rElec  .         Spirit   .     z - +0 cloak
rCorr  .         Warding  .     (gloves unavailable)
rMut   .         Stasis   .     (boots unavailable)
MR     ++...                    (no amulet)
Stlth  +.........               H - ring of protection from magic
                                m - +4 ring of protection

@: heavily drained, very resistant to hostile enchantments, very unstealthy
A: unfitting armour, tough skin 1
a: Burn Spellbooks, Berserk, Trog's Hand, Brothers in Arms, Renounce Religion


You were on level 7 of the Dungeon.
You worshipped Trog.
Trog was extremely pleased with you.
You were very hungry.

You visited 1 branch of the dungeon, and saw 9 of its levels.

You collected 438 gold pieces.

Inventory:

Hand weapons
 f - a +0 whip of venom (weapon)
 o - a +0 giant club
 L - a -3 blowgun
Missiles
 C - 5 large rocks (quivered)
Armour
 b - a +0 animal skin (worn)
 z - a +0 cloak (worn)
Jewellery
 m - a +4 ring of protection (left hand)
 p - an uncursed ring of flight
 x - an uncursed ring of protection from fire
 H - a ring of protection from magic (right hand)
 I - an uncursed amulet of stasis
Magical devices
 a - a wand of frost (29)
 v - a wand of draining (1)
 A - a wand of digging (11)
 M - a wand of fire (5)
Scrolls
 d - 2 scrolls of random uselessness {unknown}
 j - 2 scrolls of magic mapping {unknown}
 k - a scroll of fear {unknown}
 r - 5 scrolls of remove curse
 u - a scroll of recharging {unknown}
 w - 2 scrolls of blinking {unknown}
 y - 3 scrolls of enchant armour {unknown}
 B - 2 scrolls of identify
 D - a scroll of vulnerability {unknown}
 E - a scroll of brand weapon {unknown}
 K - a scroll of enchant weapon {unknown}
 N - a scroll of teleportation
Potions
 e - 6 potions of curing
 i - a potion of lignification {unknown}
 l - 3 potions of brilliance
 n - a potion of mutation {unknown}
 q - a potion of cancellation {unknown}
 s - a potion of might
 t - a potion of resistance {unknown}
 F - a potion of agility
 G - 2 potions of ambrosia
 J - a potion of haste {unknown}
Comestibles
 c - 3 bread rations
 g - 5 meat rations


   Skills:
 - Level 4.3(2.4) Fighting
 + Level 17.1(14.5) Maces & Flails
 - Level 2.8(1.0) Dodging


You had 9 spell levels left.
You didn't know any spells.

Dungeon Overview and Level Annotations

Branches:
Dungeon (9/15)             Temple (0/1) D:7
   Lair: D:8-11         Orc: D:9-12

Altars:
Ru
Trog


Innate Abilities, Weirdness & Mutations

You are too large for most types of armour.
You have tough skin (AC +1).


Message History

The spriggan baker is severely wounded.
The spriggan baker hits you with a dagger!
* * * LOW HITPOINT WARNING * * *
You hit the spriggan baker.
The spriggan baker is severely wounded.
You barely miss the spriggan baker.
The spriggan baker is severely wounded.
The spriggan baker hits you with a dagger!
* * * LOW HITPOINT WARNING * * *
You hit the spriggan baker.
The spriggan baker looks even sicker.
The spriggan baker is severely wounded.
The spriggan baker hits you but does no damage.
The spriggan baker hits you but does no damage.
The spriggan baker hits you but does no damage.
You closely miss the spriggan baker.
The spriggan baker is almost dead.
The spriggan baker hits you with a dagger!
* * * LOW HITPOINT WARNING * * *
The spriggan baker hits you with a dagger!
You die...

#'####..#####P.>.P# ##########
#.####..##..#P...P###.##.##..##
....'.......##PPP##...........#
....#........#####............#
#..###..####'## #+##..###....##
#..###..##....###.##..###....##
....'.........'...#...........#
....#)(.......#...'..........####
#.)##..###....##@.##..###....##..
#))##..###....##i.##..###....##..
#...#.........................#..
#...'.........................'..
#...#)........................#..
'...#[).......................#..
#..(#.........................#..
#.###'####'#####.<##..####...##..
#####..###...###..##..####...##[.


You could see a spriggan baker.

Vanquished Creatures
  Pikel (D:8)
  A troll (D:8)
  Prince Ribbit (D:7)
  Menkaure (D:4)
  2 sky beasts
  3 slaves (D:8)
  An ice beast (D:6)
  An orc warrior (D:8)
  2 phantoms
  3 ogres
  A big kobold (D:8)
  3 giant frogs (D:6)
  A wyvern skeleton (D:8)
  A scorpion (D:6)
  6 killer bees
  A centaur zombie (D:8)
  A crimson imp (D:7)
  3 hounds
  7 orc priests
  3 orc wizards
  2 jellies
  2 centaur skeletons
  A worker ant (D:5)
  3 iguanas
  A hound zombie (D:7)
  A hound skeleton (D:8)
  7 gnolls
  7 adders
  A shadow imp (D:6)
  2 oozes
  An adder skeleton (D:4)
  2 worms
  A giant gecko (D:3)
  34 orcs
  6 giant cockroaches
  8 goblins
  7 hobgoblins
  7 jackals
  5 quokkas
  3 ball pythons
  16 bats
  3 giant newts
  A jackal skeleton (D:5)
  9 kobolds
  24 rats
197 creatures vanquished.

Vanquished Creatures (others)
  A slave (D:8)
  A giant frog (D:8)
  An orc (D:8)
3 creatures vanquished.

Grand Total: 200 creatures vanquished

Notes
Turn   | Place    | Note
--------------------------------------------------------------
     0 | D:1      | Kusio the Ogre Berserker began the quest for the Orb.
     0 | D:1      | Reached XP level 1. HP: 24/24 MP: 1/1
    33 | D:1      | Reached XP level 2. HP: 24/33 MP: 2/2
   100 | D:1      | Acquired Trog's second power
   279 | D:1      | Reached XP level 3. HP: 18/40 MP: 3/3
   372 | D:1      | Reached skill level 5 in Maces & Flails
  1070 | D:2      | Reached skill level 6 in Maces & Flails
  1070 | D:2      | Reached XP level 4. HP: 23/49 MP: 4/4
  1676 | D:3      | Reached XP level 5. HP: 55/55 MP: 5/5
  1682 | D:3      | Reached skill level 7 in Maces & Flails
  1990 | D:3      | Acquired Trog's third power
  2220 | D:4      | Reached skill level 8 in Maces & Flails
  2257 | D:4      | Reached XP level 6. HP: 59/63 MP: 6/6
  2441 | D:4      | Noticed an ogre
  2450 | D:4      | Killed an ogre
  2450 | D:4      | Reached skill level 9 in Maces & Flails
  2559 | D:4      | Noticed Menkaure
  2614 | D:4      | Killed Menkaure
  2614 | D:4      | Reached XP level 7. HP: 71/71 MP: 7/7
  2721 | D:4      | Found a bloodstained altar of Trog.
  3181 | D:5      | Entered Level 5 of the Dungeon
  3190 | D:5      | Reached skill level 10 in Maces & Flails
  3516 | D:5      | Received a gift from Trog
  3516 | D:5      | Reached skill level 11 in Maces & Flails
  4082 | D:6      | Reached XP level 8. HP: 66/79 MP: 8/8
  4144 | D:6      | Reached skill level 12 in Maces & Flails
  4360 | D:6      | Found a sacrificial altar of Ru.
  4438 | D:6      | Reached skill level 13 in Maces & Flails
  4895 | D:6      | Reached skill level 14 in Maces & Flails
  5067 | D:7      | Reached XP level 9. HP: 85/85 MP: 9/9
  5111 | D:7      | Found a staircase to the Ecumenical Temple.
  5132 | D:7      | Noticed Prince Ribbit
  5150 | D:7      | Killed Prince Ribbit
  5303 | D:7      | HP: 1/85 [killer bee (10)]
  5799 | D:8      | Reached skill level 15 in Maces & Flails
  5815 | D:8      | Noticed Pikel
  6001 | D:8      | Killed Pikel
  6189 | D:8      | Reached skill level 16 in Maces & Flails
  6710 | D:8      | Reached XP level 10. HP: 85/94 MP: 10/10
  6787 | D:8      | Reached skill level 17 in Maces & Flails
  7080 | D:7      | Slain by a spriggan baker

Vault maps used:
D:1:      erik_arrival_orb_chamber, hangedman_decor_lopped
D:2:      minmay_misc_feat_ornament, minmay_box_of_dots
D:3:      kennysheep_big_flooded_room
D:4:      bloody_trog, uniq_menkaure
D:5:      first_bread
D:6:      kennysheep_mini, serial_bayou_pond_a, hangedman_abyss_or_decor_stagger
D:7:      minmay_temple_entry_enclosed_plants, the_bakery, uniq_prince_ribbit1
D:8:      uniq_pikel
D:9:      serial_shops, shop, uniq_erolcha

Action                   |  1- 3 |  4- 6 |  7- 9 | 10-12 || total
-------------------------+-------+-------+-------+-------++-------
Melee: Mace              |    60 |       |       |       ||    60
       Whip              |    87 |   180 |   306 |     9 ||   582
       Giant club        |       |       |    84 |    26 ||   110
Throw: Large rock        |       |       |     6 |     2 ||     8
Invok: Berserk           |       |     3 |     7 |     2 ||    12
       Burn Spellbooks   |       |       |     1 |       ||     1
  Use: Potion            |       |     1 |     1 |     1 ||     3
       Scroll            |       |       |     9 |     1 ||    10
 Stab: Sleeping          |       |       |     1 |       ||     1
  Eat: Chunk             |       |     7 |    18 |       ||    25
       Fruit             |       |       |     2 |     1 ||     3
       Beef jerky        |       |       |     1 |     1 ||     2
